 Dungeon Crawl Stone Soup version 0.31-a0-836-g3ceb0a68c4 (console) character file.

Game seed: 10209456707309873003

109 elliptic the Changeling (level 4, -3/42 HPs)
             Began as a Naga Shapeshifter on Sept 26, 2023.
             Slain by an ogre
             ... wielding a +0 giant club
              (18 damage)
             ... on level 3 of the Dungeon.
             The game lasted 00:09:05 (2063 turns).

elliptic the Changeling (Naga Shapeshifter)         Turns: 2063, Time: 00:09:06

Health: -3/42      AC:  8    Str: 19    XL:     4   Next: 89%
Magic:  4/4        EV:  3    Int: 10    God:
Gold:   40         SH:  0    Dex: 10    Spells: 3/3 levels left

rFire   . .          .
                       - Unarmed
rCold   . . .        (no shield)
rNeg    . . .        n - +2 plate armour of the Kraken {Regen+ SInv}
rPois   +            (helmet currently unavailable)
rElec   .            (cloak currently unavailable)
rCorr   .            (gloves currently unavailable)
SInv    +            (no barding)
Will    .....        f - amulet of magic regeneration Stlth
                     t - ring of wizardry
HPRegen 1.07/turn    (no ring)
MPRegen 0.49/turn

%: wizardry (x1)
@: about to teleport, short of breath, beast-form, very slow
A: beast (slay +2), AC +1, large, see invisible, deformed body, poison
resistance, slowness 2, spit poison 1, naga tail 1
a: Spit Poison, Begin Untransformation


You were on level 3 of the Dungeon.
You were a hulking beast.
You visited 1 branch of the dungeon, and saw 3 of its levels.

You collected 40 gold pieces.


Innate Abilities, Weirdness & Mutations

You are a hulking beast.
Your limbs bulge with bestial killing power. (Slay +2)
Your serpentine skin is tough. (AC +1)
You have supernaturally acute eyesight. (SInv)
Armour fits poorly on your strangely shaped body.
Your system is resistant to poisons. (rPois)
You cover ground very slowly.
You can spit poison.
You have a snake-like lower body.


   Skills:
 - Level 3.1 Fighting
 - Level 1.5 Dodging
 - Level 3.0 Unarmed Combat
 + Level 4.2 Shapeshifting


You had 3 spell levels left.
You didn't know any spells.
Your spell library was empty.

Inventory:

Hand Weapons
 p - a +0 flail
Missiles
 r - 2 poisoned darts
Armour
 a - a +0 animal skin
 l - a +0 ring mail
 m - an orb of wrath
 n - the +2 plate armour of the Kraken (worn) {Regen+ SInv}
   (You found it on level 2 of the Dungeon)

   SInv:      It lets you see invisible.
   Regen+:    It increases your rate of health regeneration.
Jewellery
 f - an amulet of magic regeneration (around neck)
 t - a ring of wizardry (left hand)
Talismans
 c - a beast talisman (active)
 d - a flux talisman
Wands
 i - a wand of flame (26)
Scrolls
 g - a scroll of teleportation
 h - a scroll of amnesia
 q - a scroll of silence {!r}
 u - a scroll of fog
Potions
 b - a potion of lignification {!q}
 e - a potion of mutation {!q}
 j - a potion of invisibility
 k - a potion of brilliance {unknown}
 o - a potion of haste {unknown}
 s - a potion of degeneration {unknown}


Message History

The adder is moderately wounded.
You feel sick.
The adder bites you but does no damage. x2
You closely miss the adder.
The adder is lightly wounded.
You feel sick.
You are no longer poisoned.
The adder bites you but does no damage.
You can't do that yet.
You hit the adder.
The adder is severely wounded.
The adder barely misses you.
You miss the adder.
The adder is severely wounded.
The adder bites you but does no damage.
You closely miss the adder.
The adder is severely wounded.
You have got your breath back.
The adder bites you but does no damage. x2
The splash of poison hits the adder!
The adder is poisoned.
You kill the adder!
You start resting.
HP restored.
You start waiting.
You have got your breath back.
There is an open door, spattered with blood here.
You see here a bat corpse.
An ogre comes into view. It is wielding a +0 giant club.
The ogre shouts!
The ogre barely misses you.
Enter note: why Unknown command.
Enter note: hm
As you read the scroll of teleportation, it crumbles to dust.
You feel strangely unstable.
The splash of poison hits the ogre.
The ogre is poisoned.
The ogre is lightly wounded.
The ogre hits you with a +0 giant club!!
Ouch! That really hurt!
Enter note: why The ogre hits you with a +0 giant club!!
You die...

..#.#..# #<..................##
..#....#####...................#
.......%.....#######........#####
....#..#.##...# #####.......).
....#..#.####%######.....#.#.###.
#..#...#.#.......#.......#.#.##..
###....#.#.......#.........###...
##....##.#...#...#.......###....}
.#....##.#..###Oh#......##.......
..#...##.#...#...#......##.<...##
...##.##.#.......#......##...###
......# #.......#.....#######
####### ####+##########


You could see an ogre (poisoned).

Vanquished Creatures
  Terence (D:2)
  3 adders
  4 ball pythons
  6 bats
  4 endoplasms
  4 giant cockroaches
  5 goblins
  6 hobgoblins
  3 jackals (D:2)
  4 kobolds
  A quokka (D:3)
  A frilled lizard (D:1)
  9 rats
51 creatures vanquished.

Notes
Turn   | Place    | Note
-------+----------+-------------------------------------------
     0 | D:1      | elliptic the Naga Shapeshifter began the quest for the Orb.
     0 | D:1      | Reached XP level 1. HP: 18/18 MP: 1/1
   142 | D:1      | Reached XP level 2. HP: 26/26 MP: 2/2
   723 | D:2      | Reached XP level 3. HP: 33/33 MP: 3/3
   792 | D:2      | Reached skill level 3 in Fighting
   797 | D:2      | Identified the +2 plate armour of the Kraken {Regen+ SInv}
   869 | D:2      | Found a faded altar of an unknown god.
  1020 | D:2      | Noticed Terence
  1021 | D:2      | hi
  1036 | D:2      | hm
  1042 | D:2      | Killed Terence
  1043 | D:2      | Reached XP level 4. HP: 33/42 MP: 4/4
  1684 | D:3      | Reached skill level 4 in Shapeshifting
  2059 | D:3      | Noticed an ogre
  2060 | D:3      | why
  2060 | D:3      | hm
  2062 | D:3      | why
  2063 | D:3      | Slain by an ogre

Levels and vault maps discovered:
D:1:      wander_arrival_fairy_ring, layout_basic
D:2:      layout_basic, hellmonk_ecumenical_altar_arch_garden,
          chequers_serial_rivers_marsh, uniq_terence
D:3:      layout_basic, minmay_misc_feat_tower,
          nicolae_concentric_dashed_squares_wild, minmay_misc_feat_chi,
          grunt_ministairs_12, minmay_misc_feat_five, kennysheep_generic_room_8,
          uniq_sigmund

Action                     |  1- 3 |  4- 6 || total
---------------------------+-------+-------++-------
  Melee: Unarmed           |    23 |    40 ||    63
Ability: Spit Poison       |    32 |    26 ||    58
    Use: Scroll            |     6 |     3 ||     9
 Armour: Animal skin       |     2 |       ||     2
         Ring mail         |     6 |       ||     6
         Plate armour      |     8 |    37 ||    45
  Dodge: Dodged            |     8 |     5 ||    13
